 Dungeon Crawl Stone Soup version 0.32-a0-312-g1d7162e (webtiles) character file.

Game seed: 5497253833780996292

170 jagoly the Cutter (level 5, -1/28 HPs)
             Began as a Vine Stalker Monk on Feb 15, 2024.
             Was an Initiate of Gozag.
             Slain by a mummy (14 damage)
             ... in an ossuary.
             The game lasted 00:09:30 (2120 turns).

jagoly the Cutter (Vine Stalker Monk)               Turns: 2120, Time: 00:09:31

Health: -1/28      AC:  2    Str: 14    XL:     5   Next: 50%
Magic:  0/7        EV: 13    Int: 12    God:    Gozag
Gold:   452        SH:  0    Dex: 16    Spells: 4/6 levels left

rFire   . . .        a - +0 short sword
rCold   . . .        d - orb {light}
rNeg    . . .        b - +0 robe
rPois   .            (no helmet)
rElec   .            (no cloak)
rCorr   .            (no gloves)
SInv    .            (no boots)
Will    .....        (no amulet)
Stlth   +            (no ring)
HPRegen 1.04/turn    (no ring)
MPRegen 0.10/turn

%: guardian spirit
@: gold aura, very slightly contaminated, glowing
A: fangs 2, regeneration 1, magic shield, antimagic bite, no potion heal 2
a: Renounce Religion, Potion Petition, Call Merchant, Bribe Branch


You were in an ossuary.
You worshipped Gozag.
Gozag was aware of your devotion.
You visited 1 branch of the dungeon, and saw 3 of its levels.
You also visited: Ossuary.

You collected 452 gold pieces.

Inventory:

Hand Weapons
 a - a +0 short sword (weapon)
 n - a +0 sling
Missiles
 g - 6 poisoned darts
 l - 10 stones (quivered)
Armour
 b - a +0 robe (worn)
 d - an orb of light (worn)
Jewellery
 j - a ring of fire
Scrolls
 e - a scroll of fog {unknown}
 f - 3 scrolls of identify
 k - a scroll of enchant weapon {unknown}
 m - a scroll of noise {unknown}
 p - a scroll of vulnerability {unknown}
 q - a scroll of blinking {unknown}
Potions
 c - a potion of ambrosia
 h - 2 potions of lignification
 i - a potion of degeneration {unknown}
 o - a potion of resistance {unknown}
 r - 2 potions of mutation {unknown}


   Skills:
 - Level 3.0 Fighting
 - Level 4.0 Short Blades
 - Level 3.0 Dodging
 - Level 2.0 Stealth
 - Level 1.0 Spellcasting
 * Level 2.0 Fire Magic


You had 4 spell levels left.
You knew the following spells:

 Your Spells              Type           Power      Damage    Failure   Level
A - Scorch                Fire           10%        2d5       21%         2

Your spell library contained the following spells:

 Spells                   Type           Power      Damage    Failure   Level
 Slow                     Hex            0%         N/A       30%         1
 Sublimation of Blood     Necr           0%         N/A       41%         2
 Ignite Poison            Fire/Alch      3%         N/A       89%         4
 Anguish                  Hex/Necr       0%         N/A       96%         4
 Petrify                  Alch/Erth      0%         N/A       96%         4
 Fireball                 Conj/Fire      1%         3d3       99%         5
 Irradiate                Conj/Alch      0%         3d11      100%        5


Dungeon Overview and Level Annotations

Branches:
Dungeon (2/15) Zot: 15985 Ossuary (1/1) Zot: 5925

Altars:
Gozag

Annotations:
D:2 Robin, Terence


Innate Abilities, Weirdness & Mutations

You have extremely sharp teeth.
Your natural rate of healing is unusually fast.
When hurt, damage is shared between your health and your magic reserves.
Your bite disrupts and absorbs the magic of your enemies.
Potions cannot restore your health.


Message History

A goblin comes into view. It is wielding a +0 club.
You hear a shout!
You hear a loud squeak.
Found a whip.
Unknown command.
The goblin unwields a +0 dagger.
The goblin wields a +0 sling.
The goblin shoots a sling bullet.
The sling bullet closely misses you. Robin throws the goblin at you!
The goblin closely misses you. The goblin misses you.
The goblin hits you with a +0 dagger.
A goblin comes into view. It is wielding a +0 club.
A hobgoblin comes into view.
The goblin barely misses you.
There is an open door here.
There is an open door here.
There is an escape hatch in the floor here.
The hobgoblin no longer looks unusually strong.
The goblin no longer looks unusually strong. x2
There is an open door here.
The goblin attacks as it pursues you! The goblin hits you with a +0 dagger.
The goblin attacks as it pursues you! The goblin hits you with a +0 dagger.
You barely miss the goblin. The goblin misses you.
You hit the goblin.
You kill the goblin!
You barely miss the goblin. Your bite misses the goblin.
The goblin hits you with a +0 club.
You hit the goblin but do no damage. You bite the goblin.
You kill the goblin!
The hobgoblin misses you.
Things that are here:
12 gold pieces; a +0 club; a +0 dagger You barely miss the hobgoblin.
You bite the hobgoblin. You drain its power.
You feel invigorated.
The hobgoblin is almost dead.
The hobgoblin barely misses you.
You hit the hobgoblin.
You kill the hobgoblin!
The goblin is distracted by your dazzling golden aura.
The goblin shouts!
You hit the goblin.
The goblin is moderately wounded.
The goblin is no longer distracted by gold.
The goblin hits you with a +0 dagger.
You hit the goblin.
You kill the goblin!
Training target 3.0 for Fighting reached!
Your Fighting skill increases to level 3!
You hit the hobgoblin.
The hobgoblin is severely wounded.
The hobgoblin barely misses you.
You barely miss the hobgoblin. You bite the hobgoblin.
You kill the hobgoblin!
The goblin shoots a sling bullet.
The sling bullet closely misses you.
The goblin unwields a +0 sling.
The goblin wields a +0 dagger.
The goblin closely misses you.
Things that are here:
12 gold pieces; a +0 dagger You hit the goblin.
You kill the goblin!
Training target 4.0 for Short Blades reached!
Your Short Blades skill increases to level 4!
No target in view!
You now have 233 gold pieces (gained 12).
Things that are here:
a +0 club; a +0 dagger You now have 245 gold pieces (gained 12).
You see here a +0 dagger.
You now have 250 gold pieces (gained 5).
Things that are here:
a +0 dagger; a +0 sling
n - a +0 sling You see here a +0 dagger.
Things that are here:
a +0 club; a +0 dagger
There is an open door here.
Terence the Incautious comes into view.
He is wielding a +0 mace.
Press: ? - help, v - describe, . - travel
Here: Terence, wielding a +0 mace and wearing a +0 chain mail (asleep)
The floor.
Placed new exclusion.
An adder comes into view.
The adder hisses angrily.
You barely miss the adder. The adder barely misses you.
You closely miss the adder. The adder bites you.
You closely miss the adder. Your bite misses the adder. The adder misses you.
You hit the adder.
The adder is heavily wounded.
The adder misses you.
You hit the adder but do no damage.
The adder is heavily wounded.
The adder barely misses you.
You hit the adder.
The adder is severely wounded.
The adder barely misses you.
You hit the adder.
You kill the adder!
No target in view!
You now have 257 gold pieces (gained 7).
o - a fizzy clear potion You open the door.
There is an open door here.
A hobgoblin comes into view.
The hobgoblin moves out of view.
A rat comes into view.
You throw a stone. The rat squeaks loudly.
The hobgoblin shouts!
The stone hits the hobgoblin but does no damage.
There is an open door here.
A hobgoblin is nearby!
You hit the hobgoblin but do no damage. The hobgoblin closely misses you.
You hit the hobgoblin. Your bite misses the hobgoblin.
The hobgoblin is heavily wounded.
The hobgoblin hits you.
You hit the hobgoblin but do no damage.
The hobgoblin is heavily wounded.
The hobgoblin closely misses you.
You hit the hobgoblin. You bite the hobgoblin.
You kill the hobgoblin!
You hit the rat. Your bite misses the rat.
The rat is heavily wounded.
The rat is distracted by your dazzling golden aura.
You barely miss the rat.
The rat is no longer distracted by gold.
The rat squeaks loudly.
You bite the rat.
You kill the rat!
You now have 268 gold pieces (gained 11).
There is an open door here.
An adder comes into view.
The adder hisses angrily.
You hit the adder but do no damage. Your bite misses the adder.
The adder bites you.
You closely miss the adder. Your bite misses the adder. The adder bites you.
You hit the adder. You bite the adder, but do no damage.
The adder is moderately wounded.
The adder closely misses you.
You hit the adder. You bite the adder. You drain its power.
You feel invigorated.
The adder is heavily wounded.
The adder misses you.
You hit the adder. You bite the adder. You drain its power.
The adder is almost dead.
The adder bites you.
You hit the adder.
You kill the adder!
Training target 3.0 for Dodging reached!
Your Dodging skill increases to level 3!
You need to enable at least one skill for training.
This spell is quite dangerous to cast!
You start memorising the spell.
You continue memorising. x2
You finish memorising.
Spell assigned to 'a'.
Adjust (i)tems, (s)pells, or (a)bilities?
Adjust which spell? a - Scorch Adjust to which letter?
A - Scorch You now have 277 gold pieces (gained 9).
Found a stone staircase leading down.
p - a scroll labelled ENGOISUKHI
f - 3 scrolls labelled QIQATW NOWU (gained 1)
You now have 294 gold pieces (gained 17).
A hobgoblin comes into view.
The hobgoblin shouts!
You hit the hobgoblin but do no damage. You bite the hobgoblin.
You drain its power.
The hobgoblin is severely wounded.
You hit the hobgoblin but do no damage. You bite the hobgoblin.
You kill the hobgoblin!
No target in view!
You now have 300 gold pieces (gained 6).
A hobgoblin comes into view.
The hobgoblin shouts!
You hear an angry hiss.
You hit the hobgoblin but do no damage. You bite the hobgoblin.
You drain its power.
The hobgoblin is almost dead.
The hobgoblin closely misses you.
You hit the hobgoblin.
You kill the hobgoblin!
No target in view!
You now have 304 gold pieces (gained 4).
A ball python comes into view.
You hit the ball python.
The ball python is heavily wounded.
You hit the ball python.
You kill the ball python!
No target in view!
No target in view!
You now have 328 gold pieces (gained 24).
l - 9 stones (gained 5)
You pick up a book of Transmutation and begin reading...
You add the spells Sublimation of Blood, Petrify and Irradiate to your library.
A goblin comes into view. It is wielding a +0 dagger.
You hit the goblin. You bite the goblin.
You kill the goblin!
You have reached level 5!
You now have 336 gold pieces (gained 8).
You see here a +0 dagger.
You see here a +0 dagger.
As you open the door, it creaks loudly!
There is an open door here.
q - a scroll labelled CIBLE BASHUZOLE
There is an open door here.
A hobgoblin comes into view.
The hobgoblin shouts!
You barely miss the hobgoblin. The hobgoblin misses you.
You hit the hobgoblin.
The hobgoblin is heavily wounded.
The hobgoblin misses you.
You hit the hobgoblin.
You kill the hobgoblin!
No target in view!
No target in view!
You now have 344 gold pieces (gained 8).
A giant cockroach comes into view.
You hit the giant cockroach but do no damage.
The giant cockroach barely misses you.
You hit the giant cockroach.
The giant cockroach is heavily wounded.
The giant cockroach bites you.
You hit the giant cockroach.
The giant cockroach is severely wounded.
The giant cockroach closely misses you.
You hit the giant cockroach but do no damage.
Your bite misses the giant cockroach.
The giant cockroach is severely wounded.
The giant cockroach misses you.
You hit the giant cockroach.
You kill the giant cockroach!
No target in view!
No target in view!
You now have 351 gold pieces (gained 7). 2 adders come into view.
The adder hisses angrily.
The adder hisses angrily.
The adder bites you but does no damage. The adder misses you.
The adder bites you.
You barely miss the adder. Your bite misses the adder. The adder bites you.
You hit the adder. You bite the adder. You drain its power.
You feel invigorated.
The adder is heavily wounded.
The adder barely misses you.
You barely miss the adder.
The adder is heavily wounded.
The adder closely misses you.
You hit the adder. You bite the adder. You drain its power.
The adder is almost dead.
The adder closely misses you.
You closely miss the adder.
The adder is almost dead.
The adder closely misses you.
You hit the adder.
You kill the adder!
Your Fire Magic skill increases to level 1!
You hit the adder. You bite the adder. You drain its power.
You feel invigorated.
The adder is heavily wounded.
The adder barely misses you.
You hit the adder but do no damage. Your bite misses the adder.
The adder is heavily wounded.
The adder closely misses you.
You hit the adder.
The adder is heavily wounded.
The adder is distracted by your dazzling golden aura.
You closely miss the adder.
The adder is no longer distracted by gold.
The adder hisses angrily.
The adder is heavily wounded.
The adder bites you.
You hit the adder but do no damage.
The adder is heavily wounded.
The adder bites you but does no damage.
You hit the adder. You bite the adder. You drain its power.
You feel invigorated.
The adder is almost dead.
The adder completely misses you.
You hit the adder.
You kill the adder!
Training target 1.0 for Spellcasting reached!
Your Spellcasting skill increases to level 1!
No target in view!
You now have 362 gold pieces (gained 11).
There is a stone staircase leading down here.
Key pressed, stopping explore.
You are illuminated by a small divine halo.
You are glowing.
Your movement speed is average.
Your attack delay is about 0.8.
Your damage rating with your +0 short sword is about 6 (Base 5 x 115% (Dex) x 113% (Skill)).
Unknown command.
Found an escape hatch in the ceiling.
You see here a +0 whip.
You see here a +0 whip.
A giant cockroach comes into view.
A giant cockroach is nearby!
You hit the giant cockroach.
The giant cockroach is severely wounded.
The giant cockroach barely misses you.
You hit the giant cockroach.
You kill the giant cockroach!
No target in view!
No target in view!
You now have 367 gold pieces (gained 5).
A frilled lizard comes into view.
The frilled lizard hisses angrily.
The frilled lizard bites you.
You hit the frilled lizard.
You kill the frilled lizard!
No target in view!
No target in view!
You now have 374 gold pieces (gained 7).
You now have 385 gold pieces (gained 11).
You open the door.
There is an open door here.
Found a spear.
You see here a +0 spear.
A malevolent force fills the Dungeon...
You fall into a shaft and drop 2 floors!
The shaft crumbles and collapses.
You hear the hiss of flowing sand.
There is an entrance to an ossuary on this level.
Hurry and find it before the portal is buried!
Found a scroll labelled QIQATW NOWU.
Okay, then.
Found 2 fizzy orange potions.
f - 4 scrolls labelled QIQATW NOWU (gained 1)
As you read the scroll labelled QIQATW NOWU, it crumbles to dust.
It is a scroll of identify.
h - 2 potions of lignification A kobold comes into view.
It is wielding a +0 short sword.
An endoplasm comes into view.
The kobold shouts!
The kobold throws a stone.
The stone misses you.
A ball python comes into view.
The ball python hisses angrily.
The kobold closely misses you.
The ball python moves out of view.
You barely miss the kobold. You bite the kobold. You drain its power.
The kobold is heavily wounded.
You barely miss the kobold. You bite the kobold. You drain its power.
The kobold is severely wounded.
The kobold hits you with a +0 short sword.
You hit the kobold.
You kill the kobold!
Things that are here:
3 gold pieces; a +0 short sword; 2 stones You hit the ball python.
You kill the ball python!
No target in view!
l - 11 stones (gained 2)
You now have 388 gold pieces (gained 3).
You now have 394 gold pieces (gained 6).
Magic restored.
You see here a +0 short sword.
The endoplasm quivers.
You hit the endoplasm. You bite the endoplasm.
You kill the endoplasm!
You now have 398 gold pieces (gained 4).
r - 2 fizzy orange potions
Found 4 gold pieces.
You now have enough gold to petition Gozag for potion effects.
You now have 402 gold pieces (gained 4).
You hear the slow hiss of an avalanche of sand.
You open the door.
Found 16 gold pieces.
Found a sand-covered staircase.
There is an open door here.
You now have 418 gold pieces (gained 16).
There is a sand-covered staircase here.
The world spins around you as you enter the gateway.
You enter an ossuary!
Found a gate leading back out of this place.
There is an empty arch of ancient stone here. 3 gnoll zombies, 2 hobgoblin zombies and a kobold zombie come into view.
The gnoll zombie moves out of view.
The hobgoblin zombie moves out of view. x2
There is an empty arch of ancient stone here.
You hit the gnoll zombie. You bite the gnoll zombie. You drain its power.
The gnoll zombie is heavily damaged.
You hit the gnoll zombie.
You bite the gnoll zombie, but do no damage.
The gnoll zombie is heavily damaged.
The gnoll zombie hits you but does no damage.
You hit the gnoll zombie. You bite the gnoll zombie. You drain its power.
The gnoll zombie is almost destroyed.
You hit the gnoll zombie. You bite the gnoll zombie.
You destroy the gnoll zombie!
The kobold zombie barely misses you.
You see here 9 gold pieces.
You hit the hobgoblin zombie.
The hobgoblin zombie is heavily damaged.
The kobold zombie closely misses you. The hobgoblin zombie misses you.
You hit the hobgoblin zombie. You bite the hobgoblin zombie.
You destroy the hobgoblin zombie!
You hit the kobold zombie. Your bite misses the kobold zombie.
The kobold zombie is moderately damaged.
The kobold zombie closely misses you.
You hit the kobold zombie.
The kobold zombie is severely damaged.
The kobold zombie barely misses you.
You hit the kobold zombie but do no damage.
Your bite misses the kobold zombie.
The kobold zombie is severely damaged.
The kobold zombie hits you but does no damage.
You hit the kobold zombie but do no damage.
You bite the kobold zombie.
You destroy the kobold zombie!
The gnoll zombie is distracted by your dazzling golden aura.
You hit the gnoll zombie but do no damage.
You hit the gnoll zombie. You bite the gnoll zombie. You drain its power.
The gnoll zombie is heavily damaged.
The gnoll zombie is no longer distracted by gold.
The gnoll zombie hits you.
You hit the gnoll zombie.
You bite the gnoll zombie, but do no damage.
The gnoll zombie is heavily damaged.
The gnoll zombie hits you.
You hit the gnoll zombie. You bite the gnoll zombie. You drain its power.
You feel invigorated.
The gnoll zombie is severely damaged.
You hit the gnoll zombie. You bite the gnoll zombie.
You destroy the gnoll zombie!
The gnoll zombie hits you.
You hit the gnoll zombie.
The gnoll zombie is lightly damaged.
You hit the gnoll zombie.
The gnoll zombie is heavily damaged.
The gnoll zombie completely misses you.
You hit the gnoll zombie but do no damage.
The gnoll zombie is heavily damaged.
The gnoll zombie is distracted by your dazzling golden aura.
You hit the gnoll zombie.
The gnoll zombie is no longer distracted by gold.
The gnoll zombie is heavily damaged.
You hit the gnoll zombie.
The gnoll zombie is almost destroyed.
The gnoll zombie hits you.
You hit the gnoll zombie.
You destroy the gnoll zombie!
No target in view!
There is an empty arch of ancient stone here.
You start resting.
Magic restored.
You now have 427 gold pieces (gained 9).
You now have 436 gold pieces (gained 9).
You now have 452 gold pieces (gained 16). 2 mummies and a kobold zombie come into view.
Unknown command.
Cast which spell? (? or * to list) Flames lash the mummy.
The mummy is burned terribly!
The mummy is moderately damaged.
The mummy's fire resistance burns away.
Cast which spell? (? or * to list)
You miscast Scorch.
You are very lightly contaminated with residual magic.
Nothing appears to happen.
Cast which spell? (? or * to list) Flames lash the mummy.
The mummy is burned terribly!
The mummy is heavily damaged.
Cast which spell? (? or * to list)
You don't have enough magic to cast this spell.
Throw: 11 stones
Press: ? - help, Q - select action, (/) - cycle Shift-Dir - straight line, f - mummy
Aim: a mummy (heavily damaged, more vulnerable to fire, haloed, 93% to hit)
You throw a stone.
The stone hits the mummy but does no damage.
The mummy is heavily damaged.
Hit: a) +0 short sword
Press: ? - help, Dir - move target, f/p - mummy
Aim: a mummy (heavily damaged, more vulnerable to fire, haloed, about 6% to evade your +0 short sword)
You hit the mummy. You bite the mummy, but do no damage.
The mummy is severely damaged.
The mummy hits you!
Ouch! That really hurt!
* * * LOW HITPOINT WARNING * * *
Hit: a) +0 short sword
Press: ? - help, Dir - move target, f/p - mummy
Aim: a mummy (severely damaged, more vulnerable to fire, haloed, about 6% to evade your +0 short sword)
You hit the mummy. You bite the mummy, but do no damage.
The mummy is almost destroyed.
The mummy hits you but does no damage.
Hit: a) +0 short sword
Press: ? - help, Dir - move target, f/p - mummy
Aim: a mummy (almost destroyed, more vulnerable to fire, haloed, about 6% to evade your +0 short sword)
You hit the mummy. You bite the mummy.
You destroy the mummy!
Your Fire Magic skill increases to level 2!
Hit: a) +0 short sword
Press: ? - help, Dir - move target, f - mummy
Aim: a mummy (haloed, about 6% to evade your +0 short sword)
You hit the mummy but do no damage. The mummy hits you.
* * * LOW HITPOINT WARNING * * *
Hit: a) +0 short sword
Press: ? - help, Dir - move target, f/p - mummy
Aim: a mummy (haloed, about 6% to evade your +0 short sword)
You hit the mummy but do no damage. You bite the mummy. You drain its power.
You feel invigorated.
The mummy is moderately damaged.
Hit: a) +0 short sword
Press: ? - help, Dir - move target, f/p - mummy
Aim: a mummy (moderately damaged, haloed, about 6% to evade your +0 short sword)
You hit the mummy.
The mummy is heavily damaged.
The mummy hits you!
Ouch! That really hurt!
You die...
Your body crumbles into a pile of gold.

#....#
#....#
#....#
#....#
#....#
#....#
#....#
#$M..#
#@∩∩.#
######


You could see a mummy.

Vanquished Creatures
  A mummy (Ossuary)
  6 adders
  3 endoplasms
  6 giant cockroaches
  12 goblins
  10 hobgoblins
  4 kobolds
  A quokka (D:1)
  3 ball pythons
  2 bats
  3 frilled lizards
  3 gnoll zombies (Ossuary)
  A hobgoblin zombie (Ossuary)
  A kobold zombie (Ossuary)
  2 rats
58 creatures vanquished.

Notes
Turn   | Place    | Note
-------+----------+-------------------------------------------
     0 | D:1      | jagoly the Vine Stalker Monk began the quest for the Orb.
     0 | D:1      | Reached XP level 1. HP: 11/11 MP: 2/2
    36 | D:1      | Reached skill level 1 in Stealth
   130 | D:1      | Reached XP level 2. HP: 16/16 MP: 3/3
   136 | D:1      | Got Dyfuymp's Vademecum on Comburant Guile
   193 | D:1      | Found a faded altar of an unknown god.
   201 | D:1      | Reached skill level 3 in Short Blades
   207 | D:1      | Prayed at the altar of an unknown god.
   207 | D:1      | Became a worshipper of Gozag Ym Sagoz the Greedy
   378 | D:1      | Reached XP level 3. HP: 19/19 MP: 4/4
  1033 | D:2      | Reached XP level 4. HP: 20/23 MP: 3/5
  1203 | D:2      | Noticed Robin
  1252 | D:2      | Reached skill level 4 in Short Blades
  1300 | D:2      | Noticed Terence
  1388 | D:2      | Learned a level 2 spell: Scorch
  1568 | D:2      | Reached XP level 5. HP: 28/28 MP: 6/6
  1764 | D:2      | Reached skill level 1 in Fire Magic
  1771 | D:2      | Reached skill level 1 in Spellcasting
  1981 | D:2      | You fall into a shaft and drop 2 floors!
  2034 | D:4      | Found a sand-covered staircase.
  2041 | Ossuary  | Entered an ossuary
  2120 | Ossuary  | Slain by a mummy

Illustrated notes

Levels and vault maps discovered:
D:1:      tarquinn_simple_flora_water_f, layout_basic,
          hellmonk_ecumenical_altar_run_dry
D:2:      layout_basic, grunt_decor_one_mirror, uniq_terence, uniq_robin,
          uniq_jessica
D:4:      layout_rooms, lemuel_crystal_altar, nicolae_ossuary_entry_plus
Ossuary:  ossuary_tomb_3

Skill      XL: |  1  2  3  4  5 |
---------------+----------------+-----
Stealth        | 1 2 |  2.0
Short Blades   | 3 4 |  4.0
Fighting       | 3 |  3.0
Dodging        | 3 |  3.0
Fire Magic     | 2 |  2.0
Spellcasting   | 1 |  1.0

Action                     |  1- 3 |  4- 6 || total
---------------------------+-------+-------++-------
  Melee: Short sword       |    72 |   102 ||   174
         Bite              |    23 |    36 ||    59
  Throw: Stone             |       |     2 ||     2
   Cast: Scorch            |       |     2 ||     2
    Use: Scroll            |       |     1 ||     1
 Armour: Robe              |    26 |    30 ||    56
  Dodge: Dodged            |    33 |    48 ||    81

Table legend: (Time is in decaauts)
 A = Elapsed time spent in this place.
 B = Non-inter-level travel time spent in this place.
 C = Inter-level travel time spent in this place.
 D = Time resting spent in this place.
 E = Time spent auto-exploring this place.
 F = Levels seen in this place.
 G = Mean time per level.
                   A        B        C        D        E       F      G
               +--------+--------+--------+--------+--------+-----+--------+
         Total |   2088 |   1949 |    139 |     13 |   1349 |   4 |  522.0 |
       Dungeon |   2015 |   1876 |    139 |      9 |   1341 |   3 |  671.7 |
       Ossuary |     73 |     73 |      0 |      4 |      8 |   1 |   73.0 |
               +--------+--------+--------+--------+--------+-----+--------+

Top non-repeatable levels by time:
     D:2: 1041 daAuts
     D:1: 914 daAuts
 Ossuary: 73 daAuts
     D:4: 58 daAuts
